Cosine, chaotic female elven Ranger ------ -.|.|.--- --........- -.......... ..........- .......... ........ ..... |... |G- --.| --..------ |*.@..d%.| |...---- - ----- Cosine the Tenderfoot Experience level: 1 Strength: 15 Dexterity: 11 Constitution: 15 Intelligence: 13 Wisdom: 14 Charisma: 8 Health: 0(13) Energy: 5(5) Def: 4 Gold: 0 Moves: 1258 Dungeon seed: AIrEmNYrUl_tsnRZ Game ID: Cosine_1606049541 Your Inventory: Weapons d - an uncursed +1 elven dagger (weapon in hand) e - an uncursed +1 elven bow (alternate weapon; not wielded) L - 54 uncursed +2 elven arrows N - 38 uncursed +0 elven arrows X - 25 uncursed +0 arrows (in quiver) Armor q - an uncursed +0 orcish helm (being worn) w - an uncursed +2 elven cloak (being worn) Comestibles f - 5 uncursed lembas wafers Wands C - an uncursed wand of digging (0:5) Tools b - an uncursed bag of holding Gems n - an uncursed worthless piece of black glass Contents of the bag of holding: a cursed -1 arrow a blessed +1 dagger 5 uncursed +0 daggers 4 uncursed +0 orcish daggers an uncursed +0 Hawaiian shirt a blessed +1 dwarvish cloak a cursed -1 dwarvish cloak an uncursed +0 orcish helm an uncursed +0 orcish helm an uncursed +0 pair of iron shoes 2 uncursed bananas an uncursed carrot an uncursed egg an uncursed fortune cookie an uncursed scroll of identify an uncursed scroll of remove curse an uncursed scroll of teleportation an uncursed spellbook of knock an uncursed potion of confusion an uncursed potion of extra healing a cursed potion of healing an uncursed +0 pick-axe an uncursed tallow candle (0:200) an uncursed worthless piece of yellow glass 408 gold pieces Spells and supernatural/magical abilities: Name Level Category Cost Memory W - pray for help -- divine ? -- Your skills at the end: Fighting Skills wands [Basic] Weapon Skills dagger [Basic] bow [Basic] Spellcasting Skills Final Attributes: You were devoutly aligned. You were immune to sleep. You saw invisible. You had automatic searching. You had infravision. You were stealthy. Mars was noncommittal. You are dead. Vanquished creatures: a gnome lord a gnomish wizard 2 dwarves a hobbit a red mold 6 gnomes 5 jackals a fox 4 goblins a sewer rat a grid bug a lichen 3 newts 28 creatures vanquished. Voluntary challenges: You were an atheist. You used a wielded weapon 3 times, starting on turn 71. You were illiterate. You never genocided any monsters. You never polymorphed an object. You never changed form. You used no wishes. You never split a pudding. You never wrote Elbereth's name. You never violated your personal moral code. Dungeon overview: The Dungeons of Doom: levels 1 to 4 Level 1 a fountain a long staircase Level 2 a sink Level 3 a jewelry store, a vault stairs to The Gnomish Mines Level 4 a fountain The Gnomish Mines: Level 4 <- You were here stairs to The Dungeons of Doom History has recorded: On T:1 you entered the Dungeons of Doom to retrieve the Amulet of Yendor! On T:290 you reached level 2 of The Dungeons of Doom. On T:548 you reached level 3 of The Dungeons of Doom. On T:1078 you reached level 4 of The Dungeons of Doom. On T:1179 you reached level 1 of The Gnomish Mines. Score breakdown: Gold: 408 ( 8884 points) Experience: 1 level ( 0 points) Exploration: 4 levels ( 7.84%) ( 7348 points) Discoveries: 1 item ( 0.34%) ( 1746 points) Valuables value: (no points given unless you survive) Artifact value: 0 ( 0 points) Variety of kills: 13 monsters ( 3.42%) ( 5548 points) Turncount: 1258 turns ( 0 points) Survival: died (score multiplied by 80%) Total score: 18820 Latest messages: You put a dagger into the bag of holding. You put a hooded cloak into the bag of holding. You put a pair of hard shoes into the bag of holding. You put 2 bananas into the bag of holding. The gnome picks up a few items from the floor. You miss the gnome. Sirius bites the gnome. The gnome is killed! Sirius picks up a male gnome corpse. The gnome misses Sirius. There are a few objects here. Sirius bites the gnome. The gnome is killed! Sirius drops a male gnome corpse. n - a black gem. You hear some noises nearby. You see here a male gnome corpse. You hear some noises nearby. Sirius picks up a male gnome corpse. Sirius drops a male gnome corpse. The gnomish wizard casts a spell! The force bolt hits you! You die... Final status: Goodbye Cosine the Ranger, killed by a gnomish wizard's force bolt... You died in The Gnomish Mines on dungeon level 4 with 18820 points, and 408 pieces of gold, after 1258 moves. You were level 1 with a maximum of 13 hit points when you died.